 Dungeon Crawl Stone Soup version 0.28-b1-1-g3c77fb2ed1 (webtiles) character file.

Game seed: 9365133233551051414

21 crazypyro the Shield-Bearer (level 2, 0/23 HPs)
             Began as a Gnoll Wanderer on Jan 29, 2022.
             Frozen to death by an endoplasm (2 damage)
             ... on level 1 of the Dungeon.
             The game lasted 00:01:16 (558 turns).

crazypyro the Shield-Bearer (Gnoll Wanderer)         Turns: 558, Time: 00:01:16

Health: 0/23       AC:  7    Str:  9    XL:     2   Next: 87%
Magic:  5/5        EV: 14    Int:  7    God:
Gold:   33         SH:  6    Dex: 17    Spells: 2/2 levels left

rFire   . . .      SeeInvis .   a - +0 dagger
rCold   . . .      Faith    .   e - +0 buckler {AC+3}
rNeg    . . .      Spirit   .   d - +0 leather armour
rPois   .          Reflect  .   c - +0 helmet
rElec   .          Harm     .   f - scarf {shadows}
rCorr   .          Rampage  .   (no gloves)
Will    .....                   (no boots)
Stlth   +.........              (no amulet)
HPRegen 0.07/turn               (no ring)
MPRegen 0.09/turn               (no ring)

@: no status effects
A: fangs 1, strong nose, distributed training
a: no special abilities


You were on level 1 of the Dungeon.
You visited 1 branch of the dungeon, and saw 1 of its levels.

You collected 33 gold pieces.

Inventory:

Hand Weapons
 a - a +0 dagger (weapon)
Armour
 c - a +0 helmet (worn)
 d - a +0 leather armour (worn)
 e - a +0 buckler of protection (worn)
 f - a scarf of shadows (worn)
Jewellery
 g - a ring of ice
Scrolls
 b - a scroll of fog
 j - a scroll of identify {unknown}
 k - a scroll of torment {unknown}
Potions
 h - 2 potions of mutation {unknown}
 i - a potion of attraction {unknown}


   Skills:
 + Level 2.5 Fighting
 + Level 0.5 Short Blades
 + Level 0.5 Long Blades
 + Level 0.5 Axes
 + Level 0.5 Maces & Flails
 + Level 0.5 Polearms
 + Level 0.5 Staves
 + Level 0.5 Slings
 + Level 0.5 Bows
 + Level 0.5 Crossbows
 + Level 0.5 Throwing
 + Level 0.5 Armour
 + Level 6.5 Dodging
 + Level 0.5 Stealth
 + Level 6.5 Shields
 + Level 0.5 Unarmed Combat
 + Level 0.5 Spellcasting
 + Level 0.4 Conjurations
 + Level 0.4 Hexes
 + Level 0.4 Summonings
 + Level 0.4 Necromancy
 + Level 0.4 Translocations
 + Level 0.4 Transmutations
 + Level 0.4 Fire Magic
 + Level 0.4 Ice Magic
 + Level 0.4 Air Magic
 + Level 0.4 Earth Magic
 + Level 0.4 Poison Magic
 + Level 4.5 Invocations
 + Level 2.5 Evocations


You had 2 spell levels left.
You didn't know any spells.
Your spell library contained the following spells:

 Spells                   Type           Power      Damage    Failure   Level
 Animate Dead             Necr           0%         N/A       100%        4
 Borgnjor's Vile Clutch   Necr/Erth      0%         N/A       100%        5
 Death Channel            Necr           0%         N/A       100%        6


Dungeon Overview and Level Annotations

Branches:
Dungeon (1/15)

Altars:


Innate Abilities, Weirdness & Mutations

You have very sharp teeth.
Your uncanny sense of smell can sniff out nearby items.
Your experience applies equally to all skills.


Message History

The hobgoblin is heavily wounded.
The hobgoblin hits you but does no damage.
The hobgoblin closely misses you.
You hit the hobgoblin.
You kill the hobgoblin!
No target in view!
Things that are here:
a +0 dagger; a goblin corpse An endoplasm comes into view.
The endoplasm quivers.
The endoplasm freezes you.
You are frozen.
You completely miss the endoplasm. The endoplasm freezes you.
You are frozen.
You hit the endoplasm but do no damage. The endoplasm closely misses you.
You hit the endoplasm but do no damage. The endoplasm freezes you.
You are frozen.
You are too injured to fight recklessly!
You are too injured to fight recklessly!
You hit the endoplasm but do no damage. The endoplasm freezes you.
You are frozen.
You hit the endoplasm but do no damage. The endoplasm hits you.
* * * LOW HITPOINT WARNING * * *
You hit the endoplasm but do no damage. The endoplasm closely misses you.
You hit the endoplasm.
The endoplasm is moderately wounded.
The endoplasm freezes you.
You are frozen.
* * * LOW HITPOINT WARNING * * *
You hit the endoplasm.
The endoplasm is severely wounded.
The endoplasm barely misses you.
You hit the endoplasm but do no damage.
The endoplasm is severely wounded.
The endoplasm freezes you.
You are frozen.
You die...

###...#...........##>#.....#
###.#........#.## ###+###∆
#..........#.## .###.#.
##........##..## . .......
##....#.......##.###..#.#.#
####............ .....#..
..........#.####..#.#..
........#..#...#...#.#..
......J@.........#.#.##.
.......##.###..........
...........###†......##
#.#######......)##..... .
#.......####...
##.............
#......######. #......# #.
#......# ##


You could see an endoplasm.

Vanquished Creatures
  2 ball pythons (D:1)
  2 endoplasms (D:1)
  2 giant cockroaches (D:1)
  4 goblins (D:1)
  4 hobgoblins (D:1)
  A quokka (D:1)
  2 bats (D:1)
  A frilled lizard (D:1)
18 creatures vanquished.

Notes
Turn   | Place    | Note
-------+----------+-------------------------------------------
     0 | D:1      | crazypyro the Gnoll Wanderer began the quest for the Orb.
     0 | D:1      | crazypyro set off with the following items: a +0 dagger, a
                  | scroll of fog, a +0 helmet, a +0 leather armour, a +0
                  | buckler of protection
     0 | D:1      | Reached XP level 1. HP: 17/17 MP: 3/3
   175 | D:1      | Reached XP level 2. HP: 20/23 MP: 5/5
   558 | D:1      | Frozen to death by an endoplasm

Illustrated notes

Levels and vault maps discovered:
D:1:      minmay_arrival_checkered_box, layout_rooms, minmay_pentomino_q2

Action                   || total
-------------------------++-------
Melee: Dagger            ||   117
       Bite              ||    11
 Stab: Sleeping          ||     1
Armor: Leather armour    ||    35
Dodge: Dodged            ||    67
Block: Buckler           ||    33
